 Dungeon Crawl Stone Soup version 0.23.2-33-g5129a83184 (webtiles) character file.

Game seed: 11542882118307613511

51 MalarOregon the Ruffian (level 3, -3/31 HPs)
             Began as a Ghoul Warper on July 12, 2019.
             Slain by an iguana (9 damage)
             ... on level 2 of the Dungeon.
             The game lasted 00:01:36 (1240 turns).

MalarOregon the Ruffian (Ghoul Warper)              Turns: 1240, Time: 00:01:37

Health: -3/31      AC:  3    Str: 14    XL:     3   Next: 83%
Magic:  4/4        EV: 11    Int:  8    God:
Gold:   67         SH:  0    Dex:  9    Spells: 5/5 levels left

rFire    . . .     SeeInvis .     - Unarmed
rCold    + . .     Gourm    .   (no shield)
rNeg     + + +     Faith    .   a - +0 leather armour
rPois    ∞         Spirit   .   (no helmet)
rElec    .         Reflect  .   (no cloak)
rCorr    .         Harm     .   (no gloves)
MR       .....                  (no boots)
Stlth    +.........             (no amulet)
HPRegen  0.00/turn              (no ring)
MPRegen  0.09/turn              (no ring)

@: rotting
A: rotting body, claws 1, carnivore, cold resistance 1, negative energy
resistance 3, inhibited regeneration, torment resistance, unbreathing
a: no special abilities


You were on level 2 of the Dungeon.
You were not hungry.

You visited 1 branch of the dungeon, and saw 2 of its levels.

You collected 67 gold pieces.

Inventory:

Missiles
 d - 5 tomahawks of dispersal {!f}
 g - 33 stones (quivered)
Armour
 a - a +0 leather armour (worn)
 m - a +0 pair of gloves
   (You found it on level 1 of the Dungeon)
Scrolls
 b - 3 scrolls of enchant weapon {unknown}
 c - 2 scrolls of blinking
 h - a scroll of remove curse {unknown}
 j - a scroll of magic mapping {unknown}
Potions
 i - a potion of mutation {unknown}
 k - 2 potions of haste {unknown}
 l - 3 potions of curing {@q1}
 n - a potion of resistance {unknown}
 o - a potion of ambrosia {unknown}
Comestibles
 e - 2 rations {!d}


   Skills:
 + Level 3.4 Fighting
 - Level 0.8 Throwing
 - Level 0.8 Armour
 - Level 1.7 Dodging
 + Level 3.4 Unarmed Combat
 - Level 1.7 Spellcasting
   Level 2.6 Translocations


You had 5 spell levels left.
You didn't know any spells.
Your spell library contained the following spells:

 Spells                   Type           Power        Failure   Level  Hunger
 Blink                    Tloc           N/A          22%         2    ###....
 Shroud of Golubria       Chrm/Tloc      #.........   36%         2    ###....
 Gell's Gravitas          Tloc           #.........   41%         3    ####...
 Lesser Beckoning         Tloc           #.........   41%         3    ####...
 Teleport Other           Tloc           #.......     41%         3    ####...
 Passage of Golubria      Tloc           N/A          83%         4    #####..


Dungeon Overview and Level Annotations

Branches:
Dungeon (2/15)

Altars:


Innate Abilities, Weirdness & Mutations

Your body is rotting away.
You thrive on raw meat.
You are immune to poison.
You have sharp fingernails.
You are carnivorous and can eat meat at any time.
Your flesh is cold resistant. (rC+)
You are immune to negative energy. (rN+++)
You do not regenerate when monsters are visible.
You are immune to unholy pain and torment.
You can survive without breathing.


Message History

The adder bites you but does no damage.
You claw the goblin!
You kill the goblin!
You miss the adder. The adder bites you.
* * * LOW HITPOINT WARNING * * *
You claw the adder!
You kill the adder!
Things that are here:
a +0 dagger; a goblin corpse
Things that are here:
a +0 dagger; a goblin corpse You butcher the goblin corpse.
f - 7 chunks of flesh (gained 2)
Things that are here:
a +0 dagger; a goblin skeleton There isn't anything to butcher here.
There is a stone staircase leading up here.
You start resting.
Some of the chunks of flesh in your inventory have rotted away.
Unknown command.
Found a spear.
An iguana comes into view.
The iguana hisses angrily.
The iguana moves out of view.
Found 19 gold pieces.
The iguana is too close now for your liking.
An iguana is nearby!
An iguana is nearby!
An iguana is nearby!
An iguana is nearby!
The iguana barely misses you.
You scratch the iguana. The iguana bites you.
You claw the iguana!
All of the chunks of flesh in your inventory have rotted away.
You closely miss the iguana. The iguana barely misses you.
You scratch the iguana. The iguana bites you!
You scratch the iguana but do no damage.
The iguana barely misses you.
You closely miss the iguana. The iguana barely misses you.
You scratch the iguana but do no damage.
The iguana bites you!
* * * LOW HITPOINT WARNING * * *
The iguana completely misses you.
Here: an iguana (severely wounded)
The floor.
It was a potion of curing.
You feel better. The iguana bites you.
* * * LOW HITPOINT WARNING * * *
You scratch the iguana but do no damage.
The iguana bites you!
You die...

#.#####.# .# ......#.#
######.#### #.##
#.##....# .##......$
....#
#.#.....###.#....... #
#..###.#........# .... #
#..............## ##.# #
#
##>###.##....##.###..#.#
# #.#
#.#####.###.#.....# #
#.# #.# #..@l....#..# #
##.###.############...##
###.......)....# ##)##
....#.##<#####.# .#
###...##.# .# # ##.###.#
$# # #.# #.# .# # #.#
#.# ####.###.#


You could see an iguana.

Vanquished Creatures
  2 adders
  3 dart slugs
  A leopard gecko (D:1)
  A ball python (D:1)
  3 giant cockroaches (D:1)
  4 goblins
  2 hobgoblins (D:1)
  4 bats
  A frilled lizard (D:1)
  5 kobolds
  A rat (D:1)
27 creatures vanquished.

Notes
Turn   | Place    | Note
-------+----------+-------------------------------------------
     0 | D:1      | MalarOregon the Ghoul Warper began the quest for the Orb.
     0 | D:1      | Reached XP level 1. HP: 17/17 MP: 2/2
   146 | D:1      | Reached XP level 2. HP: 17/25 MP: 3/3
   657 | D:2      | Reached XP level 3. HP: 30/31 MP: 4/4
  1240 | D:2      | Slain by an iguana

Skill      XL: |  1  2 |
---------------+-------+-----
Fighting       | 3 |  3.4
Unarmed Combat | 3 |  3.4
Throwing       | |  0.8
Armour         | |  0.8
Dodging        | |  1.7
Spellcasting   | |  1.7
Translocations | |  2.6

Action                   || total
-------------------------++-------
Melee: Unarmed           ||   109
       Punch             ||     2
  Use: Potion            ||     1
  Eat: Chunk             ||     4
Armor: Leather armour    ||    32
Dodge: Dodged            ||    76
